 Dungeon Crawl Stone Soup version 0.31-a0-233-g139696dc86 (webtiles) character file.

Game seed: 16540336611151240242

1316 qw the Skirmisher (level 8, 0/69 HPs)
             Began as a Minotaur Hexslinger on July 8, 2023.
             Was an Initiate of Okawaru.
             Slain by a yak (8 damage)
             ... on level 5 of the Dungeon.
             The game lasted 00:01:44 (3723 turns).

qw the Skirmisher (Minotaur Hexslinger)             Turns: 3723, Time: 00:01:45

Health: 0/69       AC:  7    Str: 13    XL:     8   Next: 33%
Magic:  8/8        EV: 12    Int: 12    God:    Okawaru [......]
Gold:   234        SH:  0    Dex: 15    Spells: 8/9 levels left

rFire   + . .        Y - +0 orcbow
rCold   x . .        (shield currently unavailable)
rNeg    . . .        f - +0 ring mail
rPois   .            (helmet restricted)
rElec   .            k - +0 cloak
rCorr   .            a - +0 pair of gloves "Casuf" {Rampage rC- Int+2 SInv}
SInv    +            (no boots)
Will    .....        (no amulet)
Stlth   +            h - ring of protection from fire
HPRegen 0.31/turn    (no ring)
MPRegen 0.11/turn

%: rampage
@: no status effects
A: horns 2, retaliatory headbutt
a: Renounce Religion


You were on level 5 of the Dungeon.
You worshipped Okawaru.
Okawaru was noncommittal.
You visited 2 branches of the dungeon, and saw 6 of its levels.

You collected 234 gold pieces.


Innate Abilities, Weirdness & Mutations

You have a pair of horns on your head.
You reflexively headbutt those who attack you in melee.


   Skills:
 + Level 5.6 Fighting
 - Level 9.3 Ranged Weapons
 - Level 2.2 Armour
 - Level 3.8 Dodging
 - Level 1.0 Spellcasting
 - Level 2.0 Hexes


You had 8 spell levels left.
You knew the following spells:

 Your Spells              Type           Power      Damage    Failure   Level
a - Slow                  Hex            20%        N/A       28%         1

Your spell library contained the following spells:

 Spells                   Type           Power      Damage    Failure   Level
 Inner Flame              Hex/Fire       3%         N/A       77%         3
 Portal Projectile        Hex/Tloc       6%         N/A       77%         3
 Cause Fear               Hex            2%         N/A       95%         4

Inventory:

Hand Weapons
 Y - a +0 orcbow (weapon)
Armour
 a - the +0 pair of gloves "Casuf" (worn) {Rampage rC- Int+2 SInv}
   (You acquired it on level 2 of the Dungeon)

   Int:       It affects your intelligence (+2).
   rC:        It makes you vulnerable to cold.
   SInv:      It lets you see invisible.
   Rampage:   It bestows one free step when moving towards enemies.
 f - a +0 ring mail (worn)
 k - a +0 cloak (worn)
Jewellery
 h - a ring of protection from fire (left hand)
Scrolls
 e - a scroll of identify
Potions
 b - a potion of enlightenment
 d - a potion of berserk rage {unknown}
 j - a potion of curing {unknown}
 l - a potion of ambrosia {unknown}

Dungeon Overview and Level Annotations

Branches:
Dungeon (5/15)             Temple (1/1) D:5

Altars:
Ashenzari
Dithmenos
Elyvilon
Fedhas
Gozag
Kikubaaqudgha
Makhleb
Nemelex Xobeh
Okawaru
Qazlal
Ru
Uskayaw
Wu Jian
Xom
Yredelemnul
Zin
The Shining One


Message History

The yak is almost dead.
The orc hits you but does no damage.
You shoot an arrow. The arrow hits the orc!
You kill the orc!
Okawaru accepts your kill.
You shoot an arrow. The arrow hits the yak.
The yak is almost dead.
The yak barely misses you.
You shoot an arrow. The arrow hits the yak.
You kill the yak!
Okawaru accepts your kill.
Your Dodging skill increases to level 3!
You shoot an arrow. The arrow completely misses the yak.
The arrow hits the orc!
You kill the orc!
Okawaru accepts your kill. The yak gores you but does no damage.
You shoot an arrow. The arrow barely misses the yak.
The arrow hits the orc!
You kill the orc!
Okawaru accepts your kill. The yak gores you. The yak gores you!
You shoot an arrow. The arrow hits the yak!
The yak is moderately wounded.
The yak misses you.
You shoot an arrow. The arrow barely misses the yak.
The arrow hits the orc but does no damage.
The yak gores you.
You shoot an arrow. The arrow hits the yak!
The yak is heavily wounded.
The yak gores you!
You shoot an arrow. The arrow hits the yak!
The yak is severely wounded.
The yak gores you!
You shoot an arrow.
The arrow hits the yak but does no damage.
The yak is severely wounded.
The yak closely misses you.
You shoot an arrow. The arrow barely misses the yak.
The arrow closely misses the orc.
The yak gores you but does no damage. The yak gores you!
You die...

#..###.####..#
#............#
####............#
#................
#.#######.########
# #.# #.#
.##.######.#
.....oY@...#
8.8.8(###### .....
.8.8 ... .#


You could see a yak and an orc.

Vanquished Creatures
  Grinder (D:4)
  2 yaks (D:5)
  A black bear (D:4)
  A centaur (D:5)
  2 phantoms
  2 scorpions
  A hound (D:4)
  An orc priest (D:3)
  An iguana (D:5)
  3 orc wizards
  12 adders
  A gnoll (D:1)
  2 ufetubi
  6 dart slugs
  15 orcs
  12 bats
  6 endoplasms
  2 giant cockroaches
  3 goblins (D:2)
  4 hobgoblins
  A jackal (D:2)
  4 quokkas
  10 ball pythons
  A frilled lizard (D:1)
  12 kobolds
  8 rats
114 creatures vanquished.

Notes
Turn   | Place    | Note
-------+----------+-------------------------------------------
     0 | D:1      | qw the Minotaur Hexslinger began the quest for the Orb.
     0 | D:1      | Reached XP level 1. HP: 16/16 MP: 1/1
     0 | D:1      | 0 ||| qw: Version: 0.3-a-46-gb1f654a
     0 | D:1      | 0 ||| qw: Game counter: 3485
     0 | D:1      | 0 ||| qw: Melee chars always use a shield: true
     0 | D:1      | 0 ||| qw: God list: Okawaru
     0 | D:1      | 0 ||| qw: Allow faded altars: false
     0 | D:1      | 0 ||| qw: Do Orc after clearing Dungeon:15 true
     0 | D:1      | 0 ||| qw: Do second Lair branch before Depths: true
     0 | D:1      | 0 ||| qw: Lair rune preference: random
     0 | D:1      | 0 ||| qw: Goals: Normal
     0 | D:1      | 0 ||| PLANNING D:1-11
   109 | D:1      | 109 ||| FLEEEEING.
   110 | D:1      | 110 ||| FLEEEEING.
   149 | D:1      | Reached skill level 3 in Ranged Weapons
   149 | D:1      | Reached XP level 2. HP: 22/23 MP: 2/2
   235 | D:1      | Reached XP level 3. HP: 25/29 MP: 3/3
   565 | D:1      | 565 ||| UPGRADING to +0 leather armour.
   575 | D:1      | 575 ||| DROPPING +0 robe.
   576 | D:1      | 576 ||| UPGRADING to +0 ring mail.
   586 | D:1      | 586 ||| DROPPING +0 leather armour.
   587 | D:1      | 587 ||| UPGRADING to ring of protection from fire.
   588 | D:1      | 588 ||| READING scroll labelled KYLAIFF OZAG.
   589 | D:1      | 589 ||| READING scroll labelled DENUMP OTUELABIX.
   590 | D:1      | 590 ||| DROPPING scroll of poison.
   662 | D:2      | Reached skill level 4 in Ranged Weapons
   676 | D:2      | Found a basalt altar of Yredelemnul.
   685 | D:2      | 685 ||| READING scroll of brand weapon.
   685 | D:2      | 685 ||| BRANDING +1 sling of freezing.
   796 | D:2      | Reached skill level 1 in Armour
   898 | D:2      | Found a faded altar of an unknown god.
   931 | D:2      | Reached XP level 4. HP: 36/36 MP: 4/4
  1055 | D:2      | 1055 ||| READING scroll labelled QAULUV ZONUTEM.
  1055 | D:2      | Identified a scroll of acquirement
  1055 | D:2      | 1055 ||| ACQUIRING +0 pair of gloves "Casuf" {Rampage rC-
                  | Int+2 SInv}
  1055 | D:2      | Acquired the +0 pair of gloves "Casuf" {Rampage rC- Int+2
                  | SInv}
  1057 | D:2      | 1057 ||| UPGRADING to +0 pair of gloves "Casuf" {Rampage
                  | rC- Int+2 SInv}.
  1062 | D:2      | 1062 ||| READING scroll labelled AHAOLA OCWE.
  1094 | D:3      | 1094 ||| FLEEEEING.
  1095 | D:3      | 1095 ||| FLEEEEING.
  1096 | D:3      | 1096 ||| FLEEEEING.
  1097 | D:3      | 1097 ||| FLEEEEING.
  1100 | D:3      | 1100 ||| FLEEEEING.
  1101 | D:3      | 1101 ||| FLEEEEING.
  1102 | D:3      | 1102 ||| FLEEEEING.
  1105 | D:3      | 1105 ||| STAIRDANCE
  1107 | D:2      | 1107 ||| FLEEEEING.
  1115 | D:2      | 1115 ||| STAIRDANCE
  1180 | D:1      | 1180 ||| READING scroll labelled OCAUTRAFRI.
  1237 | D:3      | Reached skill level 5 in Ranged Weapons
  1284 | D:3      | Reached XP level 5. HP: 41/41 MP: 5/5
  1774 | D:3      | Reached skill level 3 in Fighting
  2116 | D:3      | Found a glowing silver altar of Zin.
  2116 | D:3      | Found an ornate altar of the Wu Jian Council.
  2150 | D:3      | 2150 ||| READING 2 scrolls labelled PULUPA KANO.
  2151 | D:3      | 2151 ||| READING 2 scrolls labelled IPNYCR SUCA.
  2152 | D:3      | 2152 ||| READING scroll labelled KUFEGORIAN.
  2253 | D:3      | 2253 ||| DROPPING scroll of noise.
  2378 | D:4      | Noticed a black bear
  2387 | D:4      | Killed a black bear
  2388 | D:4      | Reached skill level 6 in Ranged Weapons
  2388 | D:4      | Reached XP level 6. HP: 15/51 MP: 6/6
  2687 | D:4      | Noticed Grinder
  2689 | D:4      | 2689 ||| Stepping ~*~*~tactically~*~*~ (outnumbered).
  2691 | D:4      | 2691 ||| Stepping ~*~*~tactically~*~*~ (outnumbered).
  2693 | D:4      | 2693 ||| Stepping ~*~*~tactically~*~*~ (outnumbered).
  2694 | D:4      | 2694 ||| Stepping ~*~*~tactically~*~*~ (outnumbered).
  2696 | D:4      | 2696 ||| Stepping ~*~*~tactically~*~*~ (outnumbered).
  2720 | D:4      | Killed Grinder
  2721 | D:4      | Reached skill level 7 in Ranged Weapons
  2721 | D:4      | Reached XP level 7. HP: 48/59 MP: 7/7
  2817 | D:4      | Reached skill level 8 in Ranged Weapons
  2994 | D:4      | Found a glowing golden altar of the Shining One.
  2994 | D:4      | Found a basalt altar of Yredelemnul.
  2995 | D:4      | Found a broken altar of Ashenzari.
  2996 | D:4      | Found a stormy altar of Qazlal.
  3027 | D:4      | 3027 ||| STAIRDANCE
  3072 | D:3      | 3072 ||| UPGRADING to +0 cloak.
  3077 | D:3      | 3077 ||| READING scroll labelled OBEESE CIBOURE.
  3078 | D:3      | 3078 ||| DRINKING 2 bubbling pink potions.
  3079 | D:3      | 3079 ||| DRINKING 3 golden potions.
  3080 | D:3      | 3080 ||| READING 3 scrolls of identify.
  3080 | D:3      | 3080 ||| IDENTIFYING puce potion
  3081 | D:3      | 3081 ||| READING 2 scrolls of identify.
  3081 | D:3      | 3081 ||| IDENTIFYING clear potion
  3082 | D:3      | 3082 ||| DROPPING potion of degeneration.
  3083 | D:3      | 3083 ||| DROPPING 2 potions of brilliance.
  3219 | D:5      | Entered Level 5 of the Dungeon
  3226 | D:5      | 3226 ||| STAIRDANCE
  3234 | D:4      | HP: 10/60 [orc wizard/+2 dagger of electrocution (8)]
  3235 | D:4      | 3235 ||| READING scroll of teleportation.
  3236 | D:4      | 3236 ||| DRINKING potion of heal wounds.
  3570 | D:5      | Found a staircase to the Ecumenical Temple.
  3571 | D:5      | 3571 ||| PLANNING TEMPLE
  3571 | D:5      | 3571 ||| SWAPPING to +0 orcbow.
  3572 | D:5      | 3572 ||| DROPPING +1 sling of flaming.
  3573 | D:5      | 3573 ||| READING scroll labelled PIW JIF PIE.
  3574 | D:5      | 3574 ||| READING scroll labelled TAIWURE ROORIV.
  3582 | Temple   | Entered the Ecumenical Temple
  3583 | Temple   | 3583 ||| PLANNING OKAWARU WORSHIP
  3599 | Temple   | Became a worshipper of Warmaster Okawaru
  3600 | Temple   | 3600 ||| PLANNING D:1-11
  3686 | D:5      | Noticed a yak
  3691 | D:5      | Reached XP level 8. HP: 69/69 MP: 8/8
  3712 | D:5      | Reached skill level 9 in Ranged Weapons
  3716 | D:5      | Reached skill level 3 in Dodging
  3720 | D:5      | HP: 17/69 [yak (7)]
  3721 | D:5      | HP: 7/69 [yak (10)]
  3723 | D:5      | Slain by a yak

Levels and vault maps discovered:
D:1:      nicolae_arrival_washed_ashore, layout_rooms, kennysheep_minor_cross,
          minmay_pentomino_u2
D:2:      minmay_angry_zag, layout_rooms, basic_altar,
          chequers_ecumenical_altar_simple, nicolae_half_adder
D:3:      layout_basic, gammafunk_temple_overflow_wave, minmay_ruptured
D:4:      layout_loops_ring, chequers_temple_overflow_statue_of_worship,
          minmay_bent, uniq_grinder
D:5:      layout_loops_ring, minmay_temple_entry_mini_moons, serial_shops,
          nicolae_shop_peninsula, minmay_misc_feat_pillars
Temple:   minmay_freezing_vapour_temple

Skill      XL: |  1  2  3  4  5  6  7  8 |
---------------+-------------------------+-----
Ranged Weapons | 3 4 5 6 7 8 9 |  9.3
Fighting       | 2 3 4 5 |  5.6
Armour         | 1 2 |  2.2
Dodging        | 3 |  3.8
Spellcasting   | |  1.0
Hexes          | |  2.0

Action                     |  1- 3 |  4- 6 |  7- 9 || total
---------------------------+-------+-------+-------++-------
   Fire: Sling             |   115 |   148 |    60 ||   323
         Orcbow            |       |       |    54 ||    54
    Use: Scroll            |     3 |     6 |     6 ||    15
         Potion            |       |       |     3 ||     3
 Armour: Robe              |     7 |       |       ||     7
         Ring mail         |    12 |    28 |    38 ||    78
  Dodge: Dodged            |    27 |    39 |    42 ||   108

Table legend:
 A = Non-vault XP
 B = Vault XP
 C = Vault XP percentage of total XP
 D = Non-vault monster count
 E = Vault monster count
 F = Vault count percentage of total count
                 A         B        C        D         E       F
            +---------+---------+-------+---------+---------+-------
      Total |    1312 |     569 |  30.2 |      93 |      21 |  18.4
            +---------+---------+-------+---------+---------+-------
        D:1 |      54 |       2 |   3.6 |      24 |       2 |   7.7
        D:2 |      34 |      49 |  59.0 |      15 |       8 |  34.8
        D:3 |     260 |       7 |   2.6 |      27 |       4 |  12.9
        D:4 |     229 |     511 |  69.1 |      12 |       7 |  36.8
        D:5 |     735 |       0 |   0.0 |      15 |       0 |   0.0
            +---------+---------+-------+---------+---------+-------
